 Dungeon Sprint DCSS version bcrawl-1.27.1d (webtiles) character file.

Game seed: 9532276842871825809

192157 Freyura the Cudgeler (level 3, -4/49 HPs)
             Began as a Sand Dwarf Skald on July 17, 2020.
             Slain by an orc warrior
             ... wielding a +0 short sword
              (14 damage)
             ... in the Dungeon (Sprint IX: "|||||||||||||||||||||||||||||").
             The game lasted 00:01:14 (145 turns).

Freyura the Cudgeler (Sand Dwarf Skald)              Turns: 145, Time: 00:01:14

Health: -4/49      AC:  3    Str: 20    XL:     3   Next: 18%
Magic:  1/7        EV: 14    Int: 13    God:
Gold:   0          SH:  0    Dex: 11    Spells: 6/7 levels left

rFire    . . .     SeeInvis .   a - +0 mace
rCold    . . .     Gourm    .   (shield restricted)
rNeg     . . .     Faith    .   b - +0 leather armour
rPois    .         Spirit   .   (no helmet)
rElec    .         Reflect  .   (no cloak)
rCorr    .         Harm     .   (no gloves)
MR       .....     NoTele   +   (no boots)
Stlth    ..........             (no amulet)
HPRegen  0.16/turn              (no ring)
MPRegen  0.10/turn              (no ring)

@: berserking, very quick
A: small, slowness 1, armour attunement
a: no special abilities


You were in the Dungeon.
You were not hungry.

You visited 1 branch

Inventory:

Hand Weapons
 a - a +0 mace (weapon)
Armour
 b - a +0 leather armour (worn)
Scrolls
 d - a scroll of fear
 k - a scroll of blinking
Potions
 g - a potion of heal wounds
 h - a potion of haste
 i - 2 potions of magic
Comestibles
 c - 2 chunks of flesh
 e - a ration {!d}


   Skills:
 + Level 3.7 Fighting
 * Level 5.7 Maces & Flails
 + Level 3.0 Armour
 - Level 1.5 Dodging
 + Level 2.9 Spellcasting
 + Level 3.9 Charms


You had 6 spell levels left.
You knew the following spells:

 Your Spells              Type           Power        Failure   Level  Hunger
a - Infusion              Chrm           ##......     4%          1    None

Your spell library contained the following spells:

 Spells                   Type           Power        Failure   Level  Hunger
 Song of Slaying          Chrm           ##......     7%          2    #......
 Ozocubu's Armour         Chrm/Ice       #.......     30%         3    ####...
 Regeneration             Chrm/Necr      #.........   30%         3    ####...
 Spectral Weapon          Hex/Chrm       #.......     30%         3    ####...


Dungeon Overview and Level Annotations

Branches:
Dungeon (1/1)

Altars:


Innate Abilities, Weirdness & Mutations

You are small and have problems with some larger weapons.
You cover ground slowly.
Armour does not affect your spellcasting.


Message History

You kill the worker ant!
Your Maces & Flails skill increases to level 5!
Your Armour skill increases to level 3!
You have reached level 2!
You have reached level 3!
Your experience leads to an increase in your attributes!
Increase (S)trength, (I)ntelligence, or (D)exterity?
You feel agile.
You feel sick.
You feel better.
You are no longer magically infusing your attacks.
The orc warrior hits you with a +0 short sword!
Ouch! That really hurt!
A red film seems to cover your vision as you go berserk!
You feel yourself moving faster!
You feel mighty! The orc barely misses you.
The orc warrior hits you with a +0 short sword!
* * * LOW HITPOINT WARNING * * *
You barely miss the orc warrior. The orc closely misses you.
The orc warrior hits you with a +0 short sword!
You die...

▓+▓
▓.▓
▓.▓
▓Z▓
▓l▓
▓o▓
▓o▓
▓@▓
▓.▓
▓.▓
▓.▓
▓(▓
▓)▓
▓.▓
▓.▓
▓.▓


You could see an orc warrior, an orc, a leopard gecko and a bat skeleton.

Vanquished Creatures
  A worker ant (D)
  A leopard gecko (D)
  A hobgoblin (D)
  A kobold (D)
  A frilled lizard (D)
  A rat (D)
6 creatures vanquished.

Notes
Turn   | Place    | Note
-------+----------+-------------------------------------------
     0 | D        | Freyura the Sand Dwarf Skald began the quest for the Orb.
     0 | D        | Reached XP level 1. HP: 18/18 MP: 3/3
    15 | D        | Reached skill level 4 in Maces & Flails
   134 | D        | Noticed an orc warrior
   134 | D        | Noticed a worker ant
   142 | D        | Killed a worker ant
   142 | D        | Reached skill level 5 in Maces & Flails
   142 | D        | Reached XP level 2. HP: 17/27 MP: 0/5
   142 | D        | Reached XP level 3. HP: 21/33 MP: 0/7
   145 | D        | Slain by an orc warrior

Skill      XL: |  1 |
---------------+----+-----
Maces & Flails | 5 |  5.7
Armour         | 3 |  3.0
Fighting       | 3 |  3.7
Dodging        | |  1.5
Spellcasting   | |  2.9
Charms         | |  3.9

Action                   || total
-------------------------++-------
Melee: Mace              ||    27
 Cast: Infusion          ||     1
  Use: Potion            ||     2
Armor: Leather armour    ||     2
Dodge: Dodged            ||    21
